 Dungeon Sprint DCSS version 0.27.1-4-g1640c2035a (webtiles) character file.

Game seed: 2544723267263747649

1740 Turgor the Carver (level 8, -4/133 HPs)
             Began as a Troll Berserker on Nov 16, 2021.
             Was an Elder of Trog.
             Slain by a death knight (25 damage)
             ... in the Dungeon (Sprint IX: "|||||||||||||||||||||||||||||").
             The game lasted 00:04:47 (342 turns).

Turgor the Carver (Troll Berserker)                  Turns: 342, Time: 00:04:47

Health: -4/133     AC:  8    Str: 26    XL:     8   Next: 77%
Magic:  7/7        EV: 14    Int:  7    God:    Trog [****..]
Gold:   0          SH:  0    Dex: 10    Spells: 7/7 levels left

rFire    . . .     SeeInvis .   k - +2 scimitar (holy)
rCold    . . .     Faith    .   (no shield)
rNeg     . . .     Spirit   .   n - +0 steam dragon scales
rPois    .         Reflect  .   (helmet restricted)
rElec    .         Harm     .   a - +0 cloak
rCorr    .         Rampage  .   (gloves unavailable)
Will     .....     NoTele   +   (boots unavailable)
Stlth    ..........             (no amulet)
HPRegen  1.32/turn              l - +3 ring of intelligence
MPRegen  0.10/turn              m - +2 ring of evasion

@: berserking (expiring), very quick
A: large, unfitting armour, claws 3, regeneration 1, shaggy fur 1, tough skin 1
a: Renounce Religion, Berserk, Trog's Hand, Brothers in Arms


You were in the Dungeon.
You worshipped Trog.
Trog was greatly pleased with you.
You visited 1 branch

Inventory:

Hand Weapons
 k - a +2 scimitar of holy wrath (weapon)
Armour
 a - a +0 cloak (worn)
 n - +0 steam dragon scales (worn)
Jewellery
 l - a +3 ring of intelligence (left claw)
 m - a +2 ring of evasion (right claw)
Wands
 j - a wand of acid (10)
Scrolls
 h - 2 scrolls of blinking
Potions
 c - 5 potions of curing
 d - 3 potions of heal wounds
 e - a potion of haste
 f - 4 potions of magic
 g - a potion of berserk rage
 i - a potion of invisibility


   Skills:
 + Level 8.6 Fighting
 * Level 11.7 Long Blades
 + Level 2.3 Armour
 + Level 8.6 Dodging


You had 7 spell levels left.
You didn't know any spells.
Your spell library was empty.

Dungeon Overview and Level Annotations

Branches:
Dungeon (1/1)

Altars:
Cheibriados
Dithmenos
Elyvilon
Fedhas
Gozag
Hepliaklqana
Kikubaaqudgha
Makhleb
Nemelex Xobeh
Okawaru
Qazlal
Ru
Sif Muna
Trog
Uskayaw
Vehumet
Wu Jian
Xom
Yredelemnul
Zin
The Shining One
Beogh
Jiyva
Lugonu


Innate Abilities, Weirdness & Mutations

You are too large for most types of armour.
You have claws for hands.
Your natural rate of healing is unusually fast.
You are covered in fur. (AC +1)
You have tough skin. (AC +1)


Message History

The death knight is moderately wounded.
The death knight hits you with a +2 great mace!
You barely miss the death knight.
The death knight is moderately wounded.
You slash the death knight!
The death knight is heavily wounded.
The death knight hits you with a +2 great mace.
You slash the death knight!
The death knight is heavily wounded.
The boulder beetle leaps!
You slash the death knight!
The death knight is severely wounded.
Your skin stops crawling.
You feel less strong-willed.
The death knight hits you with a +2 great mace!!
The catoblepas stomps with a crash on the ground.
You hit the death knight but do no damage.
The death knight is severely wounded.
The boulder beetle leaps!
You slash the death knight!
The death knight is severely wounded.
The death knight offers itself to Yredelemnul, and fills with unholy energy.
You slash the death knight!
The death knight is almost dead.
The death knight reflects your damage back at you!
You hit the death knight but do no damage.
The death knight is almost dead.
The death knight hits you with a +2 great mace!!
* * * LOW HITPOINT WARNING * * *
You are too berserk!
Okay, then.
Unknown command.
You barely miss the death knight.
The death knight is almost dead.
The boulder beetle curls into a ball and begins rolling!
You hit the death knight.
The death knight is almost dead.
The death knight reflects your damage back at you!
* * * LOW HITPOINT WARNING * * *
The death knight hits you with a +2 great mace!!
You die...

▓.▓
▓'▓
▓)▓
▓.▓
▓.▓
▓.▓
▓.▓
▓.▓
▓@▓
▓p▓
▓c▓
▓Y▓
▓.▓
▓B▓
▓.▓
▓+▓


You could see a death knight (reflects damage), a catoblepas, a boulder beetle
(rolling) and a centaur warrior.

Vanquished Creatures
  A two-headed ogre (D)
  A gargoyle (D)
  A yak (D)
  A steam dragon (D)
  2 ogres (D)
  2 centaurs (D)
  A howler monkey (D)
  A hound (D)
  A gnoll (D)
  An adder (D)
  2 hobgoblins (D)
  A kobold (D)
  A ball python (D)
  A frilled lizard (D)
17 creatures vanquished.

Vanquished Creatures (collateral kills)
  A kobold demonologist (D)
1 creature vanquished.

Grand Total: 18 creatures vanquished

Notes
Turn   | Place    | Note
-------+----------+-------------------------------------------
     0 | D        | Turgor the Troll Berserker began the quest for the Orb.
     0 | D        | Reached XP level 1. HP: 22/22 MP: 0/0
     9 | D        | Reached ** piety under Trog
    10 | D        | Reached skill level 3 in Long Blades
    19 | D        | Noticed an ogre
    19 | D        | Noticed an ogre
    19 | D        | Noticed a hound
    28 | D        | Reached XP level 2. HP: 30/31 MP: 1/1
    40 | D        | Killed an ogre
    40 | D        | Reached *** piety under Trog
    41 | D        | Reached skill level 5 in Long Blades
    41 | D        | Reached XP level 3. HP: 38/40 MP: 2/2
    41 | D        | Reached XP level 4. HP: 47/49 MP: 3/3
    43 | D        | Killed an ogre
    44 | D        | Reached skill level 5 in Fighting
    44 | D        | Reached skill level 6 in Long Blades
    44 | D        | Reached skill level 5 in Dodging
    44 | D        | Reached XP level 5. HP: 52/57 MP: 4/4
    48 | D        | Reached skill level 7 in Long Blades
    97 | D        | Found a snail-covered altar of Cheibriados.
    97 | D        | Found a shadowy altar of Dithmenos.
    97 | D        | Found a white marble altar of Elyvilon.
    97 | D        | Found a blossoming altar of Fedhas.
    97 | D        | Found an opulent altar of Gozag.
    98 | D        | Found a hazy altar of Hepliaklqana.
    99 | D        | Found a viscous altar of Jiyva.
   100 | D        | Found an ancient bone altar of Kikubaaqudgha.
   101 | D        | Found a corrupted altar of Lugonu.
   102 | D        | Found a burning altar of Makhleb.
   103 | D        | Found a sparkling altar of Nemelex Xobeh.
   104 | D        | Found an iron altar of Okawaru.
   105 | D        | Found a stormy altar of Qazlal.
   106 | D        | Found a sacrificial altar of Ru.
   107 | D        | Found a shimmering blue altar of Sif Muna.
   108 | D        | Found a bloodstained altar of Trog.
   109 | D        | Found a hide-covered altar of Uskayaw.
   110 | D        | Found a radiant altar of Vehumet.
   111 | D        | Found an ornate altar of the Wu Jian Council.
   112 | D        | Found a shimmering altar of Xom.
   113 | D        | Found a basalt altar of Yredelemnul.
   114 | D        | Found a glowing silver altar of Zin.
   115 | D        | Found a glowing golden altar of the Shining One.
   150 | D        | Noticed a centaur
   150 | D        | Noticed a yak
   150 | D        | Noticed a steam dragon
   150 | D        | Noticed a centaur
   150 | D        | Noticed a two-headed ogre
   154 | D        | Killed a centaur
   154 | D        | Reached **** piety under Trog
   155 | D        | Reached skill level 8 in Long Blades
   155 | D        | Reached XP level 6. HP: 65/67 MP: 5/5
   162 | D        | Killed a yak
   163 | D        | Reached skill level 9 in Long Blades
   212 | D        | Killed a two-headed ogre
   213 | D        | Reached skill level 10 in Long Blades
   213 | D        | Reached XP level 7. HP: 79/79 MP: 6/6
   213 | D        | Reached XP level 8. HP: 88/88 MP: 7/7
   218 | D        | Reached skill level 11 in Long Blades
   220 | D        | Reached ***** piety under Trog
   306 | D        | Noticed a kobold demonologist
   306 | D        | Noticed a gargoyle
   306 | D        | Noticed a death knight
   306 | D        | Noticed a centaur warrior
   306 | D        | Noticed a catoblepas
   306 | D        | Noticed a boulder beetle
   321 | D        | Killed a kobold demonologist
   322 | D        | Reached skill level 1 in Armour
   328 | D        | Killed a gargoyle
   342 | D        | Slain by a death knight

Illustrated notes

Levels and vault maps discovered:
D:        linesprint [early_d, line_temple, items_1, d_10, items_2, lair_1,
          lair_end, items_3, orc_1, orc_end, items_4, d_15, swamp_1, shoals_1,
          snake_1, spider_1, d_20, vaults_1, items_5, swamp_end, shoals_end,
          snake_end, spider_end, vaults_end, d_27, items_6, zot_1, zot_end,
          crypt_end, forest_end, elf_end, slime_end, tomb_end, abyss_end,
          pan_hell_end]

Skill      XL: |  1  2  3  4  5  6  7  8 |
---------------+-------------------------+-----
Long Blades    | 3 5 6 8 10 11 | 11.7
Fighting       | 3 4 5 7 8 |  8.6
Dodging        | 3 4 5 7 8 |  8.6
Armour         | 2 |  2.3

Action                   |  1- 3 |  4- 6 |  7- 9 || total
-------------------------+-------+-------+-------++-------
Melee: Falchion          |    25 |    13 |       ||    38
       Scimitar          |       |    18 |    32 ||    50
Invok: Berserk           |     1 |     1 |     1 ||     3
       Trog's Hand       |       |     1 |     1 ||     2
       Brothers in Arms  |       |       |     1 ||     1
Armor: Animal skin       |     5 |     3 |     1 ||     9
       Steam dragon scal |       |       |     3 ||     3
Dodge: Dodged            |    12 |    19 |    11 ||    42
       Rpst.: Falchion   |     3 |       |       ||     3
       Scimitar          |       |     1 |     3 ||     4
